 Dungeon Sprint DCSS version 0.29-a0-717-g6dac4ea423 (webtiles) character file.

Game seed: 830255233882035899

25 mhtbhm the Insei (level 3, -6/23 HPs)
             Began as an Octopode Transmuter on June 26, 2022.
             Mangled by an ogre
             ... wielding a +0 giant club
              (29 damage)
             ... in the Dungeon (Sprint I: "Red Sonja").
             The game lasted 00:00:27 (70 turns).

mhtbhm the Insei (Octopode Transmuter)                Turns: 70, Time: 00:00:28

Health: -6/23      AC:  2    Str:  9    XL:     3   Next: 4%
Magic:  2/7        EV: 20    Int: 15    God:
Gold:   0          SH:  0    Dex: 19    Spells: 2/8 levels left

rFire   . . .      SeeInvis .     - Unarmed
rCold   . . .      Faith    .   (shield currently unavailable)
rNeg    . . .      Spirit   .   (helmet currently unavailable)
rPois   x          Reflect  .   (no amulet)
rElec   .          Harm     .   (no ring)
rCorr   .          Rampage  .   (no ring)
Will    .....      NoTele   +   (no ring)
Stlth   ++........              (no ring)
HPRegen 0.07/turn               (no ring)
MPRegen 0.10/turn               (no ring)
                                (no ring)
                                (no ring)

@: spider-form, wereblooded
A: venomous fangs, almost no armour, (amphibious), 8 rings, tiny, (camouflage
1), (gelatinous body 1), (nimble swimmer 1), (tentacles)
a: End Transformation


You were in the Dungeon.
You were a venomous arachnid creature.
You visited 1 branch

Inventory:

Wands
 f - a wand of light (6)
Scrolls
 g - a scroll of blinking
Potions
 a - a potion of lignification
 b - a potion of curing
 c - a potion of heal wounds
 d - a potion of haste
 e - 2 potions of magic


   Skills:
 + Level 1.0 Fighting
 + Level 2.8 Dodging
 + Level 5.1 Unarmed Combat
 + Level 3.0 Spellcasting
 + Level 2.8 Transmutations


You had 2 spell levels left.
You knew the following spells:

 Your Spells              Type           Power      Damage    Failure   Level
a - Beastly Appendage     Tmut           20%        N/A       17%         1
b - Wereblood             Tmut           10%        N/A       24%         2
c - Spider Form           Tmut/Pois      6%         N/A       54%         3

Your spell library contained the following spells:

 Spells                   Type           Power      Damage    Failure   Level
 Ice Form                 Ice/Tmut       6%         N/A       88%         4


Dungeon Overview and Level Annotations

Branches:
Dungeon (1/1)

Altars:


Innate Abilities, Weirdness & Mutations

You are a venomous arachnid creature.
You have poisonous fangs.
You are tiny and dextrous.
Your spellcasting is less reliable in this form.
Your armour is entirely melded.
You are incapable of wielding weapons or throwing items.
You cannot wear most types of armour.
((You are amphibious.))
You can wear up to eight rings at the same time.
((Your skin changes colour to match your surroundings (Stealth+).))
((Your rubbery body absorbs attacks. (AC +1, EV +1)))
((You are camouflaged when in or above water. (Stealth+)))
((You have tentacles for arms and can constrict up to eight enemies at once.))


Message History

Magic restored.
You start waiting.
You feel yourself speed up.
You start waiting.
You recover from your berserk rage.
You open the door.
An ogre comes into view. It is wielding a +0 giant club.
Okay, then.
Casting: Beastly Appendage (safe; 6% risk of failure)
Confirm with . or Enter, or press ? or * to list all spells.
One of your tentacles grows a vicious spike.
Casting: Beastly Appendage (safe; 6% risk of failure)
Confirm with . or Enter, or press ? or * to list all spells.
You don't know that spell.
You close the door.
Memorise Wereblood, consuming 2 spell levels and leaving 5?
You start memorising the spell.
You continue memorising. x2
You finish memorising.
Spell assigned to 'b'.
This spell is extremely dangerous to cast!
Memorise Spider Form, consuming 3 spell levels and leaving 2?
You start memorising the spell.
You continue memorising. x3
You finish memorising.
Spell assigned to 'c'.
Okay, then.
You start resting.
Magic restored.
Casting: Beastly Appendage (safe; 6% risk of failure)
Confirm with . or Enter, or press ? or * to list all spells.
Your blood is infused with primal strength.
Casting: Wereblood (safe; 10% risk of failure)
Confirm with . or Enter, or press ? or * to list all spells.
The spell is extremely dangerous to miscast (32% risk of failure)!
Continue anyway?
Your tentacle spike disappears.
You turn into a venomous arachnid creature.
You open the door. The ogre misses you.
There is an open door here.
You bite the ogre!
The ogre is poisoned.
The ogre is moderately wounded.
The ogre hits you with a +0 giant club!!
Ouch! That really hurt!
You die...

##########
#<.#..sO.#
#..)..#..+
#..#####+#
#..# #..#
#..# #⌠⌠#
####


You could see an ogre (very poisoned).

Vanquished Creatures
  Ijyb (D)
1 creature vanquished.

Notes
Turn   | Place    | Note
-------+----------+-------------------------------------------
     0 | D        | mhtbhm the Octopode Transmuter began the quest for the Orb.
     0 | D        | Reached XP level 1. HP: 13/13 MP: 3/3
     3 | D        | Noticed Ijyb
     7 | D        | Killed Ijyb
     8 | D        | Reached skill level 5 in Unarmed Combat
     8 | D        | Reached XP level 2. HP: 18/18 MP: 3/6
     8 | D        | Reached XP level 3. HP: 23/23 MP: 3/7
    55 | D        | Noticed an ogre
    61 | D        | Learned a level 2 spell: Wereblood
    65 | D        | Learned a level 3 spell: Spider Form
    70 | D        | Mangled by an ogre

Illustrated notes

Levels and vault maps discovered:
D:        dungeon_sprint_1 [red_sonja_temple_1, red_sonja_temple_small_1]

Skill      XL: |  1 |
---------------+----+-----
Unarmed Combat | 5 |  5.1
Spellcasting   | 3 |  3.0
Fighting       | |  1.0
Dodging        | |  2.8
Transmutations | |  2.8

Action                   || total
-------------------------++-------
Melee: Unarmed           ||     4
       Kick              ||     2
       Constrict         ||     1
       Tentacles         ||     1
 Cast: Beastly Appendage ||     2
       Spider Form       ||     1
       Wereblood         ||     1
  Use: Potion            ||     1
Dodge: Dodged            ||     2

Table legend: (Time is in decaauts)
 A = Elapsed time spent in this place.
 B = Non-inter-level travel time spent in this place.
 C = Inter-level travel time spent in this place.
 D = Time resting spent in this place.
 E = Time spent auto-exploring this place.
 F = Levels seen in this place.
 G = Mean time per level.
                   A        B        C        D        E       F      G
               +--------+--------+--------+--------+--------+-----+--------+
         Total |     80 |     80 |      0 |     55 |      0 |   1 |   80.0 |
       Dungeon |     80 |     80 |      0 |     55 |      0 |   1 |   80.0 |
               +--------+--------+--------+--------+--------+-----+--------+

Top non-repeatable levels by time:
       D: 80 daAuts
